 Seeded DCSS version 0.26.0-57-g60708a5e39 (webtiles) character file.

Game seed: 16210962248168272061 (custom seed)

18295 thiole the Nimble (level 12, -7/81 HPs)
             Began as an Octopode Hedge Wizard on Feb 1, 2021.
             Was an Initiate of Gozag.
             Hit by a large rock thrown by a cyclops (42 damage)
             ... on level 12 of the Dungeon.
             The game lasted 00:48:22 (18739 turns).

thiole the Nimble (Octopode Hedge Wizard)          Turns: 18739, Time: 00:48:22

Health: -7/81      AC: 10    Str: 10    XL:     12   Next: 57%
Magic:  2/24       EV: 17    Int: 27    God:    Gozag
Gold:   1296       SH:  0    Dex: 11    Spells: 6/27 levels left

rFire    + . .     SeeInvis .   p - +5 dagger (speed)
rCold    . . .     Faith    .   (no shield)
rNeg     + + .     Spirit   .   b - +1 hat
rPois    .         Reflect  .   M - amulet of the Four Winds {rN+ Will+++ Clar}
rElec    .         Harm     .   o - ring of positive energy
rCorr    .         Rampage  .   v - ring of protection from fire
Will     +++..     Clarity  +   J - +4 ring of protection
Stlth    ++++......             K - +4 ring of protection
HPRegen  0.23/turn              w - +6 ring of intelligence
MPRegen  0.19/turn              (no ring)
                                (no ring)
                                (no ring)

@: gold aura
A: almost no armour, stealthy swim, amphibious, 8 rings, constrict 8, camouflage
1, gelatinous body 1
a: Renounce Religion, Potion Petition, Call Merchant, Bribe Branch


You were on level 12 of the Dungeon.
You worshipped Gozag.
Gozag was most pleased with you.
You visited 1 branch of the dungeon, and saw 12 of its levels.

You collected 2618 gold pieces.
You spent 1232 gold pieces at shops.
You paid 90 gold pieces to Gozag.

Inventory:

Hand Weapons
 a - a +0 dagger
 p - a +5 dagger of speed (weapon)
Armour
 b - a +1 hat (worn)
Jewellery
 o - a ring of positive energy (left tentacle)
 v - a ring of protection from fire (right tentacle)
 w - a +6 ring of intelligence (on tentacle)
 J - a +4 ring of protection (on tentacle)
 K - a +4 ring of protection (on tentacle)
 M - the amulet of the Four Winds (around mantle) {rN+ Will+++ Clar}
   (You bought it in a shop on level 7 of the Dungeon)

   [amulet of nothing]

   It protects you from negative energy.
   It affects your willpower, your defense against some magical effects.
   It protects you against confusion.
Wands
 q - a wand of random effects (9)
 u - a wand of flame (58)
 I - a wand of enslavement (3)
Scrolls
 d - 8 scrolls of remove curse
 f - a scroll of holy word
 j - 4 scrolls of magic mapping {unknown}
 k - 4 scrolls of immolation
 m - a scroll of torment {unknown}
 n - 4 scrolls of teleportation
 x - 2 scrolls of amnesia
 A - a scroll of brand weapon
 F - a scroll of fear
 G - 2 scrolls of random uselessness
 L - 2 scrolls of fog
Potions
 g - a potion of ambrosia
 h - 2 potions of lignification
 i - a potion of berserk rage
 l - 2 potions of magic
 r - 2 potions of attraction
 t - a potion of cancellation {unknown}
 B - 3 potions of might
 D - a potion of brilliance
 H - a potion of mutation {unknown}
Miscellaneous
 c - a lightning rod (2/4)
 e - a phantom mirror (inert)


   Skills:
 - Level 7.0 Fighting
 - Level 7.0 Short Blades
 - Level 9.0 Dodging
 - Level 7.0 Stealth
 - Level 8.0 Spellcasting
 - Level 5.0 Conjurations
 - Level 2.0 Summonings
 - Level 1.0 Translocations
 + Level 5.5 Transmutations
 - Level 7.0 Air Magic
 + Level 4.6 Earth Magic
 - Level 5.0 Poison Magic
 - Level 3.0 Evocations


You had 6 spell levels left.
You knew the following spells:

 Your Spells              Type           Power        Failure   Level
a - Magic Dart            Conj           100%         1%          1
b - Call Imp              Summ           21%          3%          2
c - Mephitic Cloud        Conj/Pois/Air  41%          1%          3
d - Swiftness             Air            48%          1%          2
e - Ice Form              Ice/Tmut       25%          17%         4
f - Airstrike             Air            24%          3%          4
g - Lightning Bolt        Conj/Air       21%          12%         5

Your spell library contained the following spells:

 Spells                   Type           Power        Failure   Level
 Beastly Appendage        Tmut           80%          1%          1
 Sandblast                Erth           72%          1%          1
 Shock                    Conj/Air       100%         1%          1
 Passwall                 Tmut/Erth      31%          1%          2
 Wereblood                Tmut           40%          1%          2
 Spider Form              Tmut/Pois      19%          1%          3
 Static Discharge         Conj/Air       43%          1%          3
 Stone Arrow              Conj/Erth      72%          2%          3
 Animate Skeleton         Necr           20%          5%          1
 Pain                     Necr           40%          5%          1
 Blink                    Tloc           N/A          5%          2
 Conjure Flame            Conj/Fire      24%          5%          3
 Petrify                  Tmut/Erth      38%          6%          4
 Slow                     Hex            10%          8%          2
 Gell's Gravitas          Tloc           8%           11%         3
 Confusing Touch          Hex            10%          16%         3
 Vampiric Draining        Necr           5%           16%         3
 Blade Hands              Tmut           20%          16%         5
 Lee's Rapid Deconstruct  Erth           18%          22%         5
 Yara's Violent Unravell  Hex/Tmut       12%          43%         5
 Animate Dead             Necr           5%           45%         4
 Agony                    Necr           10%          82%         5
 Metabolic Englaciation   Hex/Ice        5%           82%         5


Dungeon Overview and Level Annotations

Branches:
Dungeon (12/15)            Temple (0/1) D:5            Lair (0/6) D:10
    Orc (0/2) D:12

Altars:
Ashenzari
Cheibriados
Elyvilon
Fedhas
Gozag
Makhleb
Ru
Sif Muna
Trog
Xom
Yredelemnul
The Shining One

Shops:
D:7 =   D:8 ?


Innate Abilities, Weirdness & Mutations

You cannot wear most types of armour.
You are very stealthy in the water. (Stealth+)
You are amphibious.
You can wear up to eight rings at the same time.
You can use your tentacles to constrict eight enemies at once.
Your skin changes colour to match your surroundings (Stealth+).
Your rubbery body absorbs attacks. (AC +1, EV +1)


Message History

You hit the white ugly thing but do no damage.
You grab the white ugly thing.
The white ugly thing is almost dead.
You constrict the white ugly thing.
You hear an angry buzzing noise.
A death knight comes into view.
It is wielding a +1 morningstar of protection.
The white ugly thing tail-slaps you! The white ugly thing freezes you!!
You hit the white ugly thing.
The white ugly thing is almost dead.
You constrict the white ugly thing, but do no damage.
A vampire mosquito comes into view.
A hound comes into view.
The adder becomes distracted by the nearby gold, dreaming of imaginary riches.
The hound barks!
The adder hisses angrily.
You hit the white ugly thing.
You kill the white ugly thing!
An ice beast comes into view.
The cyclops throws a large rock.
The large rock hits you!!!
Ouch! That really hurt!
You die...
Your body crumbles into a pile of gold.

##.....####.# ...
###........#.## ...
#.##..#.##.#.#. .... ##
##..#.......#.## .hY....
#.#.##.##.###.## ....D#.
##.#..#..#.#..... [...y..
#.##.###[#.######
......C##$#.##.#.#.##....
....SSh$@##....#.#.##.#..
###############..#.##.#.#
.................#.##.#.#
##########.#######.##.#.#
..................##.#.#
#################.##....
#....>.# ########


You could see an eight-headed hydra, a cyclops, a vampire mosquito, an ice beast
(wandering), 2 hounds and 2 adders.

Vanquished Creatures
  An ettin (D:11)
  A hydra (D:11)
  A centaur warrior (D:11)
  2 two-headed ogres (D:11)
  2 unseen horrors
  A deep troll (D:11)
  A wizard (D:12)
  A deep elf mage (D:12)
  3 ugly things
  A cyclops (D:11)
  Maggie (D:6)
  A komodo dragon (D:11)
  3 trolls
  2 hornets
  A wraith (D:11)
  10 yaks
  A vampire mosquito (D:12)
  Edmund (D:4)
  2 water moccasins
  4 orc warriors
  3 black bears
  5 sky beasts
  4 phantoms
  An eye of draining (D:11)
  6 ogres
  7 centaurs
  2 big kobolds
  15 bullfrogs
  A wyvern skeleton (D:9)
  5 scorpions
  11 killer bees
  3 wights (D:9)
  2 electric eels (D:10)
  A howler monkey (D:4)
  3 centaur zombies
  5 bullfrog zombies
  9 hounds
  2 jellies
  10 orc wizards
  4 orc priests
  A bullfrog skeleton (D:5)
  2 centaur skeletons
  5 iguanas
  13 worker ants
  A hound zombie (D:6)
  A hound skeleton (D:9)
  A worker ant zombie (D:11)
  Robin (D:4)
  13 adders
  2 shadow imps
  4 white imps
  An ufetubus (D:8)
  An ooze (D:4)
  3 adder skeletons
  2 adder zombies
  2 worms (D:2)
  3 dart slugs
  7 leopard geckos
  34 orcs
  6 giant cockroaches
  18 goblins
  13 hobgoblins
  21 jackals
  22 kobolds
  4 quokkas
  A ball python (D:5)
  A ball python skeleton (D:5)
  14 bats
  4 frilled lizards
  A giant cockroach zombie (D:5)
  A jackal skeleton (D:6)
  2 jackal zombies
  A leopard gecko zombie (D:5)
  A quokka zombie (D:5)
  10 rats
356 creatures vanquished.

Vanquished Creatures (collateral kills)
  A two-headed ogre (D:12)
  A komodo dragon (D:10)
  Sigmund (D:5)
  2 water moccasins (D:10)
  2 ogres (D:6)
  A quasit (D:7)
  2 jellies (D:5)
  A worker ant (D:5)
  An orc (D:5)
  2 jackals (D:5)
14 creatures vanquished.

Vanquished Creatures (others)
  An electric eel (D:10)
  57 fungi (D:10)
  56 plants (D:10)
114 creatures vanquished.

Grand Total: 484 creatures vanquished

Notes
Turn   | Place    | Note
-------+----------+-------------------------------------------
     0 | D:1      | thiole the Octopode Hedge Wizard began the quest for the
                  | Orb.
     0 | D:1      | Reached XP level 1. HP: 11/11 MP: 4/4
   319 | D:1      | Reached XP level 2. HP: 17/17 MP: 0/6
   913 | D:1      | Reached XP level 3. HP: 21/21 MP: 1/7
  2461 | D:2      | Reached XP level 4. HP: 27/27 MP: 5/8
  2518 | D:2      | Reached skill level 3 in Dodging
  2565 | D:2      | Found a snail-covered altar of Cheibriados.
  3316 | D:3      | Learned a level 2 spell: Call Imp
  3320 | D:3      | Learned a level 3 spell: Mephitic Cloud
  3391 | D:3      | Reached skill level 4 in Dodging
  3397 | D:3      | Reached XP level 5. HP: 21/31 MP: 5/9
  4505 | D:4      | HP: 1/31 [orc priest/divine providence (16)]
  4510 | D:4      | HP: 1/31 [orc priest/divine providence (13)]
  4514 | D:4      | Reached skill level 1 in Fighting
  4523 | D:4      | Reached XP level 6. HP: 16/39 MP: 4/12
  4683 | D:4      | Noticed Edmund
  4716 | D:4      | Killed Edmund
  5242 | D:4      | Found a burning altar of Makhleb.
  5364 | D:4      | Reached XP level 7. HP: 39/45 MP: 1/13
  5944 | D:4      | Noticed Robin
  5956 | D:4      | Killed Robin
  5986 | D:4      | Found an opulent altar of Gozag.
  5990 | D:4      | Became a worshipper of Gozag Ym Sagoz the Greedy
  6084 | D:4      | Found a broken altar of Ashenzari.
  6091 | D:4      | Found a shimmering altar of Xom.
  6096 | D:4      | Found a shimmering blue altar of Sif Muna.
  6107 | D:4      | Found a sacrificial altar of Ru.
  6118 | D:4      | Found a blossoming altar of Fedhas.
  6125 | D:4      | Found a bloodstained altar of Trog.
  6219 | D:4      | Found a white marble altar of Elyvilon.
  6372 | D:5      | Entered Level 5 of the Dungeon
  6385 | D:5      | Reached skill level 5 in Stealth
  7049 | D:5      | Noticed Sigmund
  7113 | D:5      | Killed Sigmund
  7273 | D:5      | Reached XP level 8. HP: 30/54 MP: 4/14
  7275 | D:5      | Reached skill level 1 in Short Blades
  7499 | D:5      | Found a staircase to the Ecumenical Temple.
  7510 | D:5      | Reached skill level 1 in Evocations
  8149 | D:6      | Noticed Maggie
  8187 | D:6      | Killed Maggie
  8188 | D:6      | Reached skill level 5 in Spellcasting
  8188 | D:6      | Reached skill level 5 in Fighting
  8293 | D:6      | Reached XP level 9. HP: 61/61 MP: 13/16
  9252 | D:7      | Reached skill level 5 in Poison Magic
  9428 | D:7      | Found Qureupn's Jewellery Shoppe.
  9465 | D:7      | Bought a +4 ring of protection for 468 gold pieces
  9656 | D:8      | Found Nune's Magic Scroll Shoppe.
  9922 | D:8      | Found a glowing golden altar of the Shining One.
  9958 | D:8      | Found a basalt altar of Yredelemnul.
 10495 | D:9      | Reached XP level 10. HP: 71/71 MP: 20/20
 10634 | D:9      | Reached skill level 5 in Dodging
 10767 | D:9      | Reached skill level 6 in Dodging
 11208 | D:9      | Reached skill level 7 in Dodging
 12300 | D:7      | Bought the amulet of the Four Winds {rN+ Will+++ Clar} for
                  | 570 gold pieces
 12300 | D:7      | Found the amulet of the Four Winds {rN+ Will+++ Clar}
 12380 | D:10     | Found the +7 Singing Sword {vorpal, sonic wave}
 12380 | D:10     | Entered Level 10 of the Dungeon
 12424 | D:10     | Reached skill level 8 in Dodging
 12464 | D:10     | Reached skill level 9 in Dodging
 12980 | D:10     | Reached skill level 1 in Transmutations
 12980 | D:10     | Reached skill level 1 in Earth Magic
 13184 | D:10     | Reached XP level 11. HP: 23/75 MP: 14/21
 13554 | D:10     | Found a staircase to the Lair.
 14682 | D:8      | Bought a scroll of holy word for 97 gold pieces
 14682 | D:8      | Bought a scroll of enchant weapon for 97 gold pieces
 14811 | D:11     | Noticed a six-headed hydra
 14816 | D:11     | Learned a level 2 spell: Swiftness
 14821 | D:11     | Learned a level 4 spell: Ice Form
 14826 | D:11     | Learned a level 4 spell: Airstrike
 14832 | D:11     | Learned a level 5 spell: Lightning Bolt
 14961 | D:11     | Noticed a purple ugly thing
 15148 | D:11     | Noticed a two-headed ogre
 15254 | D:11     | Noticed a two-headed ogre
 15291 | D:11     | Noticed a cyclops
 15334 | D:11     | Killed a two-headed ogre
 15646 | D:11     | Killed an unseen horror
 16135 | D:11     | Killed a purple ugly thing
 16503 | D:11     | Killed a two-headed ogre
 16504 | D:11     | Reached skill level 5 in Conjurations
 16504 | D:11     | Reached skill level 5 in Air Magic
 16548 | D:11     | Killed a six-headed hydra
 16993 | D:11     | Killed a cyclops
 17184 | D:11     | Noticed a centaur warrior
 17200 | D:11     | Killed a centaur warrior
 17201 | D:11     | Reached skill level 5 in Short Blades
 17305 | D:11     | Noticed an ettin
 17328 | D:11     | Noticed a deep troll
 17333 | D:11     | Killed an ettin
 17334 | D:11     | Reached XP level 12. HP: 57/81 MP: 9/24
 17623 | D:11     | Got an encrusted trident
 17702 | D:11     | Identified the cursed +1 trident "Roitacvo" {flame, Stlth+}
                  | (You found it on level 11 of the Dungeon)
 17716 | D:12     | Noticed a two-headed ogre
 17723 | D:12     | Found a staircase to the Orcish Mines.
 18229 | D:12     | Killed a two-headed ogre
 18416 | D:12     | Identified the +9 whip of Frustration {holy, rF+ rC+}
 18543 | D:12     | Reached skill level 5 in Transmutations
 18718 | D:12     | Identified the cursed +1 scythe of the Skies Above {vorpal,
                  | rF+ Int+3}
 18732 | D:12     | Noticed an eight-headed hydra
 18737 | D:12     | Noticed a death knight
 18739 | D:12     | Hit by a large rock thrown by a cyclops

Illustrated notes

Levels and vault maps discovered:
D:1:      minmay_arrival_doors, layout_basic
D:2:      layout_loops_corners, cheibriados_altar_1
D:3:      layout_basic, minmay_three_crescents
D:4:      layout_loops_corners, bloody_makhleb, marbit_many_paths,
          grunt_temple_overflow_octagram, uniq_edmund, uniq_robin
D:5:      cheibrodos_fzero, layout_loops_cross,
          minmay_temple_entry_gardened_gates, uniq_sigmund
D:6:      layout_gridville, glass_columns_a, minmay_misc_feat_hallway,
          uniq_maggie
D:7:      layout_rooms, serial_shops, shop
D:8:      layout_loops_ring, grunt_temple_overflow_holy_war, serial_shops, shop
D:9:      layout_grid_maze
D:10:     old_forge, layout_irregular_city, due_lair_maze_entry_diamond,
          serial_bayou_ford_a, chequers_hall_statues_wall_a
D:11:     minmay_mutant_horseshoe, layout_loops_ring
D:12:     minmay_the_grid_triangle_9x9_recursive_3_mashed
          [minmay_the_grid_triangle_9x9_flanged_cone,
          minmay_the_grid_triangle_9x9_tough_junction,
          minmay_the_grid_triangle_9x9_minimal,
          minmay_the_grid_triangle_9x9_prize_insulated,
          minmay_the_grid_triangle_9x9_sparse_checkered,
          minmay_the_grid_triangle_9x9_empty,
          minmay_the_grid_triangle_9x9_steps,
          minmay_the_grid_triangle_9x9_longest,
          minmay_the_grid_triangle_9x9_stretched_checkered], layout_basic,
          grunt_ministairs_12

Skill      XL: |  1  2  3  4  5  6  7  8  9 10 11 12 |
---------------+-------------------------------------+-----
Conjurations   | 2 3 5 |  5.0
Dodging        | 4 9 |  9.0
Spellcasting   | 4 5 7 8 |  8.0
Fighting       | 1 2 4 5 7 |  7.0
Air Magic      | 3 6 7 |  7.0
Stealth        | 3 5 7 |  7.0
Poison Magic   | 3 5 |  5.0
Short Blades   | 3 6 7 |  7.0
Evocations     | 3 |  3.0
Summonings     | 2 |  2.0
Transmutations | 2 3 5 |  5.5
Earth Magic    | 1 3 4 |  4.6
Translocations | |  1.0

Action                   |  1- 3 |  4- 6 |  7- 9 | 10-12 || total
-------------------------+-------+-------+-------+-------++-------
Melee: Dagger            |    39 |    75 |   297 |   637 ||  1048
       Constrict         |    15 |    20 |    48 |    51 ||   134
       Tentacles         |     6 |    17 |    67 |   108 ||   198
 Cast: Magic Dart        |    99 |   136 |   179 |   247 ||   661
       Call Imp          |       |     4 |    35 |    26 ||    65
       Mephitic Cloud    |       |       |     8 |    25 ||    33
       Airstrike         |       |       |       |    36 ||    36
       Lightning Bolt    |       |       |       |    13 ||    13
       Swiftness         |       |       |       |     1 ||     1
Evoke: Lightning rod     |       |       |       |     6 ||     6
       Phantom mirror    |       |       |       |     1 ||     1
  Use: Potion            |       |     7 |     1 |     5 ||    13
       Scroll            |       |       |    17 |     7 ||    24
 Stab: Sleeping          |       |     1 |    10 |     6 ||    17
       Distracted        |       |       |     1 |     6 ||     7
       Confused          |       |       |     6 |    12 ||    18
Armor: Skin              |     7 |    10 |    27 |   195 ||   239
Dodge: Dodged            |    39 |    64 |   123 |   263 ||   489
